 Dungeon Crawl Stone Soup version 0.31-a0-845-g9abc20d24f (webtiles) character file.

Game seed: 7741735962542181301

404 rageheart7 the Trooper (level 6, 0/72 HPs)
             Began as an Ogre Gladiator on Oct 2, 2023.
             Slain by an orc priest
             ... wielding a +0 flail
              (1 damage)
             ... on level 4 of the Dungeon.
             The game lasted 00:04:19 (2856 turns).

rageheart7 the Trooper (Ogre Gladiator)             Turns: 2856, Time: 00:04:20

Health: 0/72       AC:  3    Str: 21    XL:     6   Next: 86%
Magic:  6/6        EV: 10    Int:  9    God:
Gold:   132        SH:  0    Dex: 10    Spells: 5/5 levels left

rFire   . . .        v - +1 whip (venom)
rCold   . . .        (no shield)
rNeg    . . .        b - +0 robe
rPois   .            c - +0 hat
rElec   .            (no cloak)
rCorr   .            (gloves unavailable)
SInv    .            (boots unavailable)
Will    .....        (no amulet)
Stlth   +            (no ring)
HPRegen 0.32/turn    (no ring)
MPRegen 0.10/turn

%: no passive effects
@: no status effects
A: large, unfitting armour, tough skin 1
a: no special abilities


You were on level 4 of the Dungeon.
You visited 1 branch of the dungeon, and saw 4 of its levels.

You collected 132 gold pieces.

Inventory:

Hand Weapons
 a - a +0 quarterstaff
 v - a +1 whip of venom (weapon)
Missiles
 d - 3 throwing nets (quivered)
 e - a large rock
Armour
 b - a +0 robe (worn)
 c - a +0 hat (worn)
Wands
 r - a wand of mindburst (15)
Scrolls
 i - 2 scrolls of revelation
 j - a scroll of teleportation
 q - a scroll of butterflies {unknown}
Potions
 h - 2 potions of curing
 k - a potion of haste
 m - 3 potions of invisibility
 o - a potion of cancellation {unknown}
 p - a potion of berserk rage {unknown}
 s - a potion of degeneration {unknown}
 t - a potion of mutation
 u - a potion of might {unknown}


   Skills:
 * Level 7.8 Fighting
 + Level 0.0(2.6) Maces & Flails
 + Level 4.9 Staves
 - Level 2.0 Throwing
 - Level 2.6 Dodging


You had 5 spell levels left.
You didn't know any spells.
Your spell library contained the following spells:

 Spells                   Type           Power      Damage    Failure   Level
 Cigotuvi's Dreadful Rot  Necr/Pois/Air  0%         N/A       52%         2
 Dispel Undead            Necr           0%         3d6       99%         4
 Death Channel            Necr           0%         N/A       100%        6


Dungeon Overview and Level Annotations

Branches:
Dungeon (4/15)
 Temple: D:4-7

Altars:


Innate Abilities, Weirdness & Mutations

You are too large for most types of armour.
You have tough skin. (AC +1)


Message History

You are too injured to fight recklessly!
You are too injured to fight recklessly!
You feel better.
The centaur shoots an arrow.
The arrow closely misses you.
An orc comes into view. It is wielding a +0 flail.
The centaur shoots an arrow.
The arrow hits you.
The centaur shoots an arrow.
The arrow hits you.
An orc priest comes into view. It is wielding a +0 flail.
A kobold comes into view. It is wielding a +0 whip.
The endoplasm closely misses you.
You whack the endoplasm!
You kill the endoplasm!
The orc priest mumbles some strange prayers to Beogh against you.
Beogh smites you!
The orc priest invokes the aid of Beogh against you.
Pain shoots through your body!
* * * LOW HITPOINT WARNING * * *
You hit the orc priest.
The orc priest is poisoned.
The orc priest is moderately wounded.
The orc priest looks encouraged for a moment.
You feel better. The orc hits you with a +0 flail!
* * * LOW HITPOINT WARNING * * *
The orc priest hits you with a +0 flail.
* * * LOW HITPOINT WARNING * * *
You hit the orc priest.
The orc priest is severely wounded.
The orc hits you but does no damage. The orc priest closely misses you.
You hit the orc priest.
The orc priest looks as sick as possible!
The orc priest is severely wounded.
The orc hits you with a +0 flail.
* * * LOW HITPOINT WARNING * * *
The orc priest hits you with a +0 flail.
* * * LOW HITPOINT WARNING * * *
You barely miss the orc priest.
The orc priest is severely wounded.
The orc hits you with a +0 flail.
* * * LOW HITPOINT WARNING * * *
The orc priest hits you with a +0 flail.
You die...

#.# *,****,*** *
#######.######
*,,,,,,,,*********
#............#
******,*,,,,,,,,,,
#.#####[####.#
*,*********,> #.#
#.# #.#
*,,,******,** #.#
#.# #.#
*,*,,.,,,,,* #)#
#.## #.#
*,,...****,** #.#
#..#
#.########.....*
**,, #.# ##)#
#.##o@ocKo.#,,,*
*,,, #.# #.#
#.##.#####...#**
*,**
#.######.###.##.#
**,.# *,*
#............##.#
*,,* *,*
##########.####.#
*,,* *,* #.# #.##
*,,******,** #.#
#..# *>,,,,,,,,,,
#.#
##.#####.#######,**
#.#
#.#####.#######,*


You could see a centaur, an orc priest (extremely poisoned), 2 orcs and a
kobold.

Vanquished Creatures
  An ice beast (D:3)
  A scorpion (D:3)
  An orc priest (D:3)
  2 orc wizards (D:3)
  3 gnolls (D:2)
  5 adders
  5 worms
  5 dart slugs
  4 orcs (D:3)
  8 endoplasms
  2 giant cockroaches (D:3)
  6 goblins
  5 hobgoblins
  2 quokkas
  5 ball pythons
  8 bats
  3 frilled lizards
  8 kobolds
  9 rats
83 creatures vanquished.

Notes
Turn   | Place    | Note
-------+----------+-------------------------------------------
     0 | D:1      | rageheart7 the Ogre Gladiator began the quest for the Orb.
     0 | D:1      | Reached XP level 1. HP: 22/22 MP: 1/1
    16 | D:1      | Reached skill level 3 in Fighting
    84 | D:1      | Reached XP level 2. HP: 31/31 MP: 2/2
   292 | D:1      | Reached skill level 4 in Fighting
   369 | D:1      | Reached XP level 3. HP: 33/39 MP: 3/3
   745 | D:2      | Reached skill level 5 in Fighting
   745 | D:2      | Reached XP level 4. HP: 50/50 MP: 4/4
  1583 | D:3      | Noticed an ice beast
  1615 | D:3      | Reached XP level 5. HP: 59/59 MP: 5/5
  1811 | D:3      | Killed an ice beast
  1812 | D:3      | Reached skill level 6 in Fighting
  1812 | D:3      | Reached XP level 6. HP: 26/68 MP: 6/6
  2035 | D:3      | Reached skill level 7 in Fighting
  2856 | D:4      | HP: 1/72 [orc/+0 flail (5)]
  2856 | D:4      | Slain by an orc priest

Illustrated notes

Levels and vault maps discovered:
D:1:      matt_arrival_grand_opening, layout_rooms
D:2:      layout_basic, chequers_serial_rivers_large_b
D:3:      minmay_skewed_foursquare, layout_rooms, serial_rivers,
          chequers_serial_rivers_micro_c, chequers_serial_rivers_room_b,
          chequers_serial_rivers_small_b, chequers_serial_rivers_room_a
D:4:      layout_loops_ring, lemuel_zombie_altar_kikubaaqudgha,
          kennysheep_generic_room_4, uniq_robin

Skill      XL: |  1  2  3  4  5  6 |
---------------+-------------------+-----
Fighting       | 3 4 5 6 7 |  7.8
Staves         | 4 |  4.9
Throwing       | |  2.0
Dodging        | |  2.6

Action                     |  1- 3 |  4- 6 || total
---------------------------+-------+-------++-------
  Melee: Quarterstaff      |    63 |       ||    63
         Spear             |    44 |   123 ||   167
         Whip              |       |     7 ||     7
    Use: Scroll            |     3 |     7 ||    10
         Potion            |     1 |     3 ||     4
   Stab: Sleeping          |     1 |       ||     1
 Armour: Robe              |    76 |    60 ||   136
         Skin              |    14 |     9 ||    23
  Dodge: Dodged            |    50 |    33 ||    83

Table legend: (Time is in decaauts)
 A = Elapsed time spent in this place.
 B = Non-inter-level travel time spent in this place.
 C = Inter-level travel time spent in this place.
 D = Time resting spent in this place.
 E = Time spent auto-exploring this place.
 F = Levels seen in this place.
 G = Mean time per level.
                   A        B        C        D        E       F      G
               +--------+--------+--------+--------+--------+-----+--------+
         Total |   2860 |   2726 |    134 |    131 |   2078 |   4 |  715.0 |
       Dungeon |   2860 |   2726 |    134 |    131 |   2078 |   4 |  715.0 |
               +--------+--------+--------+--------+--------+-----+--------+

Top non-repeatable levels by time:
     D:3: 1183 daAuts
     D:2: 971 daAuts
     D:1: 596 daAuts
     D:4: 108 daAuts
